 Dungeon Crawl Stone Soup version 0.21.0 (webtiles) character file.

4420 Clarigatio the Fighter (level 10, -9/90 HPs)
             Began as a Minotaur Fighter on Apr 3, 2018.
             Was a Follower of Makhleb.
             Mangled by a large abomination (27 damage)
             ... on level 2 of the Abyss.
             The game lasted 01:23:30 (6724 turns).

Clarigatio the Fighter (Minotaur Fighter)           Turns: 6724, Time: 01:23:31

Health: -9/90      AC: 15    Str: 24    XL:     10   Next: 14%
Magic:  10/10      EV:  8    Int:  5    God:    Makhleb [*.....]
Gold:   202        SH: 11    Dex: 10    Spells: 9/9 levels left

rFire    . . .     SeeInvis .   M - +0 mace (drain)
rCold    . . .     Gourm    .   c - +0 shield
rNeg     . . .     Faith    .   D - +0 chain mail
rPois    .         Spirit   .   (helmet restricted)
rElec    .         Reflect  .   K - +1 cloak {+Inv}
rCorr    .         Harm     .   (no gloves)
MR       .....                  U - +1 pair of boots
Stlth    ..........             (no amulet)
HPRegen  0.25/turn              (no ring)
MPRegen  0.12/turn              (no ring)

@: no status effects
A: retaliatory headbutt, horns 2
a: Renounce Religion, Evoke Invisibility


You were on level 2 of the Abyss.
You worshipped Makhleb.
Makhleb was aware of your devotion.
You were not hungry.

You visited 2 branches of the dungeon, and saw 9 of its levels.
You visited the Abyss 1 time.
You also visited: Ossuary.

You collected 374 gold pieces.
You spent 172 gold pieces at shops.

Inventory:

Hand Weapons
 a - a +0 trident
 i - a cursed +0 halberd
 q - a +0 hunting sling
 x - a +0 spear
 B - a +0 blowgun
 F - a +0 battleaxe
 M - a +0 mace of draining (weapon)
 N - a cursed -3 falchion
 W - a cursed +5 falchion
 X - a +4 scimitar
Missiles
 k - 6 needles of sleeping
 l - 123 bolts
 p - 76 arrows
 r - 179 stones
 A - 5 poisoned needles
 E - 53 sling bullets
 S - 3 exploding tomahawks (quivered)
Armour
 c - a +0 shield (worn)
 z - a +1 pair of boots
 C - a +1 hat
 D - a +0 chain mail (worn)
 K - a +1 cloak of invisibility (worn)
 U - a +1 pair of boots (worn)
Jewellery
 b - a +3 ring of protection {unknown}
 h - a +6 amulet of reflection {unknown}
 j - an uncursed amulet of the gourmand {unknown}
 o - a +2 ring of slaying {unknown}
 O - an uncursed ring of resist corrosion {unknown}
 Y - an uncursed amulet of harm {unknown}
Wands
 s - a wand of random effects (22)
 I - a wand of flame (20)
 Q - a wand of iceblast (5)
 T - a wand of clouds (2)
Scrolls
 e - a scroll of noise {unknown}
 n - 2 scrolls of fog
 t - 3 scrolls of teleportation
 v - a scroll of enchant weapon {unknown}
 w - a scroll of random uselessness {unknown}
 y - 2 scrolls of enchant armour
 G - 2 scrolls of magic mapping
 J - a scroll of identify {unknown}
 R - 2 scrolls of amnesia
Potions
 d - 2 potions of might
 g - a potion of agility
 m - 2 potions of lignification
 H - 2 potions of curing
Books
 u - a book of Necromancy

   Spells                             Type                      Level
   a - Pain                           Necromancy                   1
   b - Animate Skeleton               Necromancy                   1
   c - Vampiric Draining              Necromancy                   3
   d - Regeneration                   Charms/Necromancy            3
   e - Animate Dead                   Necromancy                   4
   f - Borgnjor's Vile Clutch         Necromancy/Earth             5
Comestibles
 f - 18 rations


   Skills:
 + Level 8.7 Fighting
 + Level 7.3 Maces & Flails
 + Level 5.6 Polearms
 + Level 6.5 Slings
 + Level 8.4 Armour
 + Level 2.9 Dodging
 + Level 1.2 Stealth
 + Level 6.9 Shields
 + Level 1.6 Evocations


You had 9 spell levels left.
You didn't know any spells.

Dungeon Overview and Level Annotations

Branches:
Dungeon (8/15)             Temple (1/1) D:7
   Lair: D:8-11

Altars:
Ashenzari
Cheibriados
Dithmenos
Elyvilon
Gozag
Hepliaklqana
Makhleb
Nemelex Xobeh
Okawaru
Qazlal
Ru
Sif Muna
Trog
Vehumet
Xom
Zin
The Shining One

Shops:
D:5 [   D:6 [

Portals:
Abyss: D:8

Annotations:
D:8 Psyche


Innate Abilities, Weirdness & Mutations

You reflexively headbutt those who attack you in melee.
You have a pair of horns on your head.


Message History

The large abomination is moderately damaged.
The large abomination hits you!!
It was a potion of lignification.
You turn into a tree.
Your +1 cloak of invisibility melds into your body.
Your +1 pair of boots melds into your body.
Your +0 chain mail melds into your body.
Your roots penetrate the ground.
The large abomination hits you!
* * * LOW HITPOINT WARNING * * *
It was a potion of flight.
Your roots keep you in place.
You block the large abomination's attack.
All of the chunks of flesh in your inventory have rotted away.
It was a potion of cancellation.
Your magical effects are unravelling.
You feel magically purged.
You feel less wooden.
Your +1 cloak of invisibility unmelds from your body.
Your +1 pair of boots unmelds from your body.
Your +0 chain mail unmelds from your body.
You become transparent for a moment.
The large abomination hits you!!
You die...

....### ...#...
.. #....(#### #..
#........# ..#
#........##.## .
#............# ..
.#......(....##..
.......@X..# ..
.. ........(.##.
. ..
...........(...#
#.........###.(#
#.......... #
.#.#...##...
.....#. ###..
#}..... .#.
.#.... .#∩.


You could see a large abomination.

Vanquished Creatures
  Gastronok (D:8)
  Prince Ribbit (D:5)
  The ghost of Arma the Cutter, an amateur TrBe of Fedhas (D:3)
  A human (D:7)
  4 hogs (D:7)
  A water moccasin (D:6)
  A necrophage (D:7)
  A black bear (D:8)
  An ogre (D:7)
  Blork the orc (D:4)
  An elf zombie (Ossuary)
  3 killer bees (D:7)
  A howler monkey (D:4)
  3 wights (D:8)
  A bullfrog zombie (D:7)
  4 crimson imps
  2 jellies
  4 hounds
  An orc priest (D:5)
  3 orc wizards
  An iguana (D:4)
  4 worker ants
  5 big kobold zombies (Ossuary)
  2 mummies (Ossuary)
  A hound skeleton (D:6)
  6 gnolls
  8 adders
  A shadow imp (D:5)
  An ooze (D:2)
  2 adder zombies
  An adder skeleton (D:8)
  2 worms
  3 dart slugs (D:1)
  A leopard gecko (D:7)
  16 orcs
  A ball python (D:5)
  7 bats
  3 giant cockroaches
  7 hobgoblins
  6 jackals
  7 kobolds
  4 quokkas
  3 frilled lizards
  7 goblins
  6 hobgoblin zombies (Ossuary)
  14 kobold zombies (Ossuary)
  A leopard gecko skeleton (D:6)
  9 orc zombies (Ossuary)
  2 quokka zombies
  8 rats
  A rat zombie (Ossuary)
176 creatures vanquished.

Notes
Turn   | Place    | Note
-------+----------+-------------------------------------------
     0 | D:1      | Clarigatio the Minotaur Fighter began the quest for the Orb.
     0 | D:1      | Reached XP level 1. HP: 19/19 MP: 0/0
   184 | D:1      | Reached XP level 2. HP: 26/27 MP: 1/1
   597 | D:1      | Reached XP level 3. HP: 33/33 MP: 2/2
  1258 | D:2      | Found a glowing silver altar of Zin.
  1285 | D:2      | Reached XP level 4. HP: 31/40 MP: 3/3
  1542 | D:2      | You fall through a shaft!
  1847 | D:3      | Noticed Arma's ghost (amateur TrBe)
  1878 | D:3      | Killed Arma's ghost
  1878 | D:3      | Reached skill level 5 in Fighting
  1878 | D:3      | Reached skill level 5 in Polearms
  1878 | D:3      | Reached skill level 1 in Dodging
  1878 | D:3      | Reached XP level 5. HP: 36/48 MP: 4/4
  1878 | D:3      | Reached XP level 6. HP: 42/56 MP: 5/5
  2551 | D:4      | Reached skill level 5 in Armour
  2622 | D:4      | Noticed Blork the orc
  2633 | D:4      | Killed Blork the orc
  2633 | D:4      | Reached XP level 7. HP: 49/63 MP: 6/6
  2873 | D:5      | Entered Level 5 of the Dungeon
  2873 | D:5      | Found Puik Hoka's Antique Armour Boutique.
  2903 | D:5      | Bought a runed cloak for 172 gold pieces
  2931 | D:5      | Reached skill level 1 in Slings
  3161 | D:5      | Reached skill level 5 in Shields
  3239 | D:5      | Reached skill level 1 in Maces & Flails
  3275 | D:5      | Noticed Prince Ribbit
  3354 | D:5      | Killed Prince Ribbit
  3603 | D:6      | Found a white marble altar of Elyvilon.
  3659 | D:6      | Reached XP level 8. HP: 71/71 MP: 7/7
  3701 | D:6      | Found Amnom's Armour Emporium.
  4290 | D:6      | Found a shadowy altar of Dithmenos.
  5166 | D:7      | Reached XP level 9. HP: 68/80 MP: 8/8
  5260 | D:7      | Reached skill level 5 in Maces & Flails
  5414 | D:7      | Found a staircase to the Ecumenical Temple.
  5423 | Temple   | Entered the Ecumenical Temple
  5539 | Temple   | Became a worshipper of Makhleb the Destroyer
  5572 | D:8      | Found a sand-covered staircase.
  5591 | Ossuary  | Entered an ossuary
  5689 | Ossuary  | Reached * piety under Makhleb
  6052 | D:8      | Noticed Gastronok
  6327 | D:8      | Killed Gastronok
  6327 | D:8      | Reached skill level 1 in Stealth
  6327 | D:8      | Reached skill level 1 in Evocations
  6327 | D:8      | Reached XP level 10. HP: 55/90 MP: 8/10
  6586 | D:8      | Noticed an orange demon
  6587 | D:8      | Found a one-way gate to the infinite horrors of the Abyss.
  6587 | D:8      | Noticed a rust devil
  6588 | D:8      | Noticed an orange demon
  6588 | D:8      | Noticed an orange demon
  6679 | D:8      | Noticed Psyche
  6688 | D:8      | Cast into level 2 of the Abyss (Psyche)
  6724 | Abyss:2  | Mangled by a large abomination

Skill      XL: |  1  2  3  4  5  6  7  8  9 |
---------------+----------------------------+-----
Armour         | 4 5 7 8 |  8.4
Fighting       | 4 5 6 7 8 |  8.7
Shields        | 4 5 6 |  6.9
Polearms       | 3 5 |  5.6
Dodging        | 1 2 |  2.9
Slings         | 2 4 6 |  6.5
Maces & Flails | 2 4 7 |  7.3
Stealth        | 1 |  1.2
Evocations     | 1 |  1.6

Action                   |  1- 3 |  4- 6 |  7- 9 | 10-12 || total
-------------------------+-------+-------+-------+-------++-------
Melee: Trident           |   110 |   146 |    15 |       ||   271
       Headbutt          |    13 |    23 |    67 |     5 ||   108
       Mace              |       |       |   340 |    26 ||   366
 Fire: Hunting sling     |       |       |   110 |    11 ||   121
       Blowgun           |       |       |     2 |     3 ||     5
Throw: Stone             |       |       |     2 |       ||     2
Evoke: Wand              |       |       |    10 |       ||    10
  Use: Scroll            |       |     3 |     6 |       ||     9
       Potion            |       |       |     8 |     3 ||    11
 Stab: Confused          |       |       |     1 |       ||     1
  Eat: Chunk             |     1 |     4 |     8 |       ||    13
       Ration            |       |       |     2 |       ||     2
Armor: Scale mail        |    29 |    29 |       |       ||    58
       Chain mail        |       |    19 |   154 |     6 ||   179
Dodge: Dodged            |    19 |    30 |    94 |     6 ||   149
Block: Shield            |    49 |    49 |   172 |    10 ||   280
